 Dungeon Crawl Stone Soup version 0.28-a0-1033-g1a2f33fa85 (webtiles) character file.

Game seed: 5269588288230568133

283 siradein the Skirmisher (level 6, -7/56 HPs)
             Began as a Hill Orc Fighter on Dec 8, 2021.
             Was an Initiate of Beogh.
             Mangled by an ogre (22 damage)
             ... on level 3 of the Dungeon.
             The game lasted 00:07:16 (4866 turns).

siradein the Skirmisher (Hill Orc Fighter)          Turns: 4866, Time: 00:07:16

Health: -7/56      AC:  7    Str: 21    XL:     6   Next: 28%
Magic:  7/7        EV:  9    Int:  8    God:    Beogh [......]
Gold:   194        SH:  4    Dex: 10    Spells: 5/5 levels left

rFire   + . .      SeeInvis .   a - +0 flail
rCold   + . .      Faith    .   c - +0 buckler
rNeg    + . .      Spirit   .   b - +0 scale mail
rPois   +          Reflect  .   F - -2 hat of the Alchemist {rElec rPois rF+ rC+ rN+ Will+ rMut rCorr}
rElec   +          Harm     .   (no cloak)
rCorr   +          Rampage  .   p - +0 pair of gloves
rMut    +                       i - +0 pair of boots
Will    +....                   (no amulet)
Stlth   ..........              A - ring of flight
HPRegen 0.18/turn               (no ring)
MPRegen 0.10/turn

@: flying
A: no striking features
a: Renounce Religion


You were on level 3 of the Dungeon.
You worshipped Beogh.
Beogh was noncommittal.
You visited 1 branch of the dungeon, and saw 4 of its levels.
You also visited: Sewer.

You collected 194 gold pieces.

Inventory:

Hand Weapons
 a - a +0 flail (weapon)
Missiles
 o - 2 silver boomerangs
 G - 6 poisoned darts (quivered)
Armour
 b - a +0 scale mail (worn)
 c - a +0 buckler (worn)
 i - a +0 pair of boots (worn)
 p - a +0 pair of gloves (worn)
 q - a +0 helmet
 F - the -2 hat of the Alchemist (worn) {rElec rPois rF+ rC+ rN+ Will+ rMut rCorr}
   (You found it on level 4 of the Dungeon)

   rF:        It protects you from fire.
   rC:        It protects you from cold.
   rElec:     It insulates you from electricity.
   rPois:     It protects you from poison.
   rN:        It protects you from negative energy.
   rCorr:     It protects you from acid and corrosion.
   rMut:      It protects you from mutation.
   Will:      It increases your willpower.
Jewellery
 h - a ring of ice
 k - a ring of fire
 A - a ring of flight (left hand)
Wands
 D - a wand of iceblast (13)
Scrolls
 e - a scroll of teleportation {unknown}
 f - a scroll of acquirement {unknown}
 g - a scroll of fear {unknown}
 j - 2 scrolls of fog {unknown}
 m - 2 scrolls of enchant armour {unknown}
 u - a scroll of summoning {unknown}
 v - a scroll of enchant weapon {unknown}
 x - a scroll of brand weapon {unknown}
 y - a scroll of identify {unknown}
 B - a scroll of vulnerability {unknown}
 C - a scroll of immolation {unknown}
Potions
 d - 2 potions of might
 l - a potion of berserk rage {unknown}
 n - a potion of haste
 r - a potion of brilliance {unknown}
 s - 3 potions of cancellation {unknown}
 t - a potion of heal wounds {unknown}
 w - a potion of mutation {unknown}
 z - a potion of magic {unknown}
 E - 2 potions of curing {unknown}


   Skills:
 + Level 5.0 Fighting
 + Level 3.8 Maces & Flails
 + Level 4.5 Armour
 + Level 4.7 Shields
 + Level 1.8 Invocations


You had 5 spell levels left.
You didn't know any spells.
Your spell library was empty.

Dungeon Overview and Level Annotations

Branches:
Dungeon (4/15)              Sewer (visited)
 Temple: D:4-7

Altars:
Kikubaaqudgha

Annotations:
D:4 Dowan, Duvessa


Message History

Your Fighting skill increases to level 5!
Throw: 11 darts (poison)
Press: ? - help, Q - select action, (/) - cycle Shift-Dir - straight line, f - ogre
Aim: an ogre, wielding a +0 giant club (lightly wounded, 73% to hit)
You throw a poisoned dart. The poisoned dart hits the ogre.
The ogre is poisoned.
The ogre is lightly wounded.
You block the ogre's attack.
Throw: 10 darts (poison)
Press: ? - help, Q - select action, (/) - cycle Shift-Dir - straight line, f/p - ogre
Aim: an ogre, wielding a +0 giant club (lightly wounded, poisoned, 73% to hit)
You throw a poisoned dart. The poisoned dart hits the ogre.
The ogre looks even sicker.
The ogre is lightly wounded.
The ogre barely misses you.
Throw: 9 darts (poison)
Press: ? - help, Q - select action, (/) - cycle Shift-Dir - straight line, f/p - ogre
Aim: an ogre, wielding a +0 giant club (lightly wounded, very poisoned, 73% to hit)
You throw a poisoned dart.
The poisoned dart barely misses the ogre.
The ogre hits you with a +0 giant club!
Throw: 8 darts (poison)
Press: ? - help, Q - select action, (/) - cycle Shift-Dir - straight line, f/p - ogre
Aim: an ogre, wielding a +0 giant club (moderately wounded, very poisoned, 73% to hit)
You throw a poisoned dart. The poisoned dart hits the ogre.
The ogre looks even sicker.
The ogre is moderately wounded.
The ogre hits you with a +0 giant club!
The ogre hits you with a +0 giant club!!
* * * LOW HITPOINT WARNING * * *
The ogre looks more healthy.
You see here a +0 robe.
Throw: 7 darts (poison)
Press: ? - help, Q - select action, (/) - cycle Shift-Dir - straight line, f/p - ogre
Aim: an ogre, wielding a +0 giant club (almost dead, 73% to hit)
You throw a poisoned dart. The poisoned dart hits the ogre.
The ogre is poisoned.
The ogre is almost dead.
The ogre hits you with a +0 giant club!!
You die...

# #############.#.#.#............
###..........##.#.#...#######.###
..#.########.##.#.#..## #.#
....########.##.#.#..########.###
.........o..)........)...........
..[......#.#.##...#..#####.#.....
..#>####................)..######
....###..#......(.#..####### #
.........#.....O@....# ########
##..#........(....##.#####.......
...........o......##.##..........
##...............###.##.##.######
.............##..# #....##.# #
...........####..# #######.# #
....###..........# #.###### ##.##
####.####.## #.#..... #(# #.# #.#
#.#.####


You could see an ogre (poisoned), a neutral orc priest (wandering) and a neutral
orc (wandering).

Vanquished Creatures
  A phantom (D:3)
  An iguana (D:4)
  Terence (D:2)
  A hound skeleton (D:4)
  A gnoll (D:3)
  3 adders
  3 river rats
  2 dart slugs
  3 orcs (D:3)
  7 endoplasms
  3 giant cockroaches
  6 goblins
  4 hobgoblins
  5 jackals
  4 quokkas
  8 ball pythons
  10 frilled lizards
  7 kobolds
  9 rats
79 creatures vanquished.

Vanquished Creatures (others)
  A rat (D:2)
1 creature vanquished.

Grand Total: 80 creatures vanquished

Notes
Turn   | Place    | Note
-------+----------+-------------------------------------------
     0 | D:1      | siradein the Hill Orc Fighter began the quest for the Orb.
     0 | D:1      | Reached XP level 1. HP: 19/19 MP: 1/1
   405 | D:1      | Reached XP level 2. HP: 27/27 MP: 2/2
   786 | D:1      | Found a faded altar of an unknown god.
  1013 | D:1      | Reached skill level 4 in Fighting
  1024 | D:1      | Reached XP level 3. HP: 33/33 MP: 3/3
  1836 | D:2      | Found an ancient bone altar of Kikubaaqudgha.
  2255 | D:2      | Noticed Terence
  2275 | D:2      | Killed Terence
  2276 | D:2      | Reached XP level 4. HP: 25/41 MP: 4/4
  2850 | D:3      | Found a glowing drain.
  2890 | Sewer    | Entered a sewer
  3073 | Sewer    | Reached XP level 5. HP: 47/47 MP: 5/5
  3498 | D:3      | Became a worshipper of Beogh the Brigand
  3863 | D:4      | Noticed Dowan
  3865 | D:4      | Noticed Duvessa
  3907 | D:4      | Noticed a phantom
  3950 | D:3      | Killed a phantom
  3951 | D:3      | Reached skill level 1 in Invocations
  3951 | D:3      | Reached XP level 6. HP: 20/55 MP: 6/6
  4383 | D:4      | Found the -2 hat of the Alchemist {rElec rPois rF+ rC+ rN+
                  | Will+ rMut rCorr}
  4836 | D:3      | Reached skill level 5 in Fighting
  4866 | D:3      | Mangled by an ogre

Illustrated notes

Levels and vault maps discovered:
D:1:      dpeg_arrival_circle_labyrinth_c, layout_basic,
          chequers_ecumenical_altar_simple
D:2:      layout_rooms, basic_altar, uniq_terence
D:3:      layout_loops_ring, portal_sewer_entry_b,
          amcnicky_mini_corridor_feature
D:4:      layout_basic, minmay_temple_entry_offerings, chequers_garden,
          minmay_three_crescents, uniq_ijyb, uniq_duvessa

Skill      XL: |  1  2  3  4  5  6 |
---------------+-------------------+-----
Fighting       | 4 5 |  5.0
Maces & Flails | 3 |  3.8
Shields        | 4 |  4.7
Armour         | 4 |  4.5
Invocations    | 1 |  1.8

Action                   |  1- 3 |  4- 6 || total
-------------------------+-------+-------++-------
Melee: Flail             |   124 |   165 ||   289
Throw: Dart              |       |    12 ||    12
       Boomerang         |       |     1 ||     1
Invok: Convert to Beogh  |       |     1 ||     1
Armor: Scale mail        |    51 |    82 ||   133
Dodge: Dodged            |    56 |    76 ||   132
Block: Buckler           |    32 |    41 ||    73

Table legend: (Time is in decaauts)
 A = Elapsed time spent in this place.
 B = Non-inter-level travel time spent in this place.
 C = Inter-level travel time spent in this place.
 D = Time resting spent in this place.
 E = Time spent auto-exploring this place.
 F = Levels seen in this place.
 G = Mean time per level.
                   A        B        C        D        E       F      G
               +--------+--------+--------+--------+--------+-----+--------+
         Total |   4992 |   4795 |    197 |    375 |   3304 |   5 |  998.4 |
       Dungeon |   4407 |   4210 |    197 |    375 |   2909 |   4 | 1101.8 |
         Sewer |    584 |    584 |      0 |      0 |    395 |   1 |  584.0 |
               +--------+--------+--------+--------+--------+-----+--------+

Top non-repeatable levels by time:
     D:1: 1586 daAuts
     D:3: 1178 daAuts
     D:2: 1111 daAuts
   Sewer: 584 daAuts
     D:4: 530 daAuts
